 Dungeon Crawl Stone Soup version 0.16.1-4-g8e1b745 (console) character file.

255 gw the Ducker (level 5, -2/32 HPs)
             Began as a Deep Elf Artificer on Mar 27, 2015.
             Was a Follower of Cheibriados.
             Slain by an ogre
             ... wielding a +0 giant club
              (21 damage)
             ... on level 4 of the Dungeon.
             The game lasted 00:04:25 (4078 turns).

gw the Ducker (Deep Elf Artificer)                  Turns: 4078, Time: 00:04:25

Health: -2/32      AC:  5    Str: 10      XL:     5   Next: 91%
Magic:  6/12       EV: 13    Int: 18 (19) God:    Cheibriados [*.....]
Gold:   150        SH:  0    Dex: 18      Spells: 0 memorised, 4 levels left

rFire  . . .     SeeInvis +     a - +2 short sword (elec)
rCold  . . .     Clarity  .     m - +0 ring mail
rNeg   . . .     SustAb   .     (no shield)
rPois  .         Gourm    .     (no helmet)
rElec  .         Spirit   .     (no cloak)
rCorr  .         Warding  .     (no gloves)
rMut   .         Stasis   .     (no boots)
MR     .....                    (no amulet)
Stlth  +.........               p - ring of see invisible
                                k - +3 ring of slaying

@: very slow, not resistant to hostile enchantments, very unstealthy
A: no striking features
a: Bend Time, Renounce Religion


You were on level 4 of the Dungeon.
You worshipped Cheibriados.
Cheibriados was aware of your devotion.
You were not hungry.

You visited 1 branch of the dungeon, and saw 4 of its levels.

You collected 150 gold pieces.

Inventory:

Hand weapons
 a - a +2 short sword of electrocution (weapon)
Missiles
 s - 33 arrows
Armour
 m - a +0 ring mail (worn)
Jewellery
 k - a +3 ring of slaying (left hand)
 p - a ring of see invisible (right hand)
Magical devices
 b - a wand of flame (10)
 c - a wand of enslavement (10)
Scrolls
 l - 5 scrolls of identify
Potions
 j - 2 potions of curing
Comestibles
 f - a bread ration
 g - 2 fruits
 i - a beef jerky
 r - a royal jelly


   Skills:
 + Level 3.3 Fighting
 - Level 1.0 Short Blades
 + Level 5.2 Dodging
 - Level 1.2 Stealth
 + Level 1.6 Invocations
 - Level 3.2 Evocations


You had 4 spell levels left.
You didn't know any spells.

Dungeon Overview and Level Annotations

Branches:
Dungeon (4/15)
 Temple: D:4-7

Altars:
Cheibriados


Message History

You hit the ogre.
There is a sudden explosion of sparks!
The ogre is heavily wounded.
Unknown command.
Unknown command.
Unknown command.
Unknown command.
ATTACKING (1,0)
You hit the ogre!
The ogre is severely wounded.
The ogre closely misses you.
Unknown command.
Unknown command.
Unknown command.
Unknown command.
ATTACKING (1,0)
You hit the ogre.
The ogre is almost dead.
The ogre hits you with a giant club!!
Ouch! That really hurt!
You die...

#<###..W##
#.........
#.###...##
#.# .# #O#
#g# #.#
###.#######.#
.(......eO..#
###.#########


You could see an ogre.

Table legend:
 A = Turns spent in this place as a percentage of turns spent in the entire game.
 B = Non-inter-level travel turns spent in this place as a percentage of non-inter-level travel turns spent in the entire game.
 C = Inter-level travel turns spent in this place as a percentage of turns spent in this place.
 D = Turns resting spent in this place as a percentage of non-inter-level travel turns spent in this place.
 E = Turns spent auto-exploring this place as a percentage of non-inter-level travel turns spent in this place.
 F = Non-inter-level travel turns spent in this place divided by the number of levels of this place that you've seen.
                   A       B       C       D       E      F
               +-------+-------+-------+-------+-------+----------------------
         Total | 100.0 | 100.0 |   0.5 |   1.8 |   2.3 | 1508.8
       Dungeon | 100.0 | 100.0 |   0.5 |   1.8 |   2.3 | 1508.8
               +-------+-------+-------+-------+-------+----------------------

Table legend:
 A = Kills in this place as a percentage of kills in entire the game.
 B = Kills by you in this place as a percentage of kills by you in the entire game.
 C = Kills by friends in this place as a percentage of kills by friends in the entire game.
 D = Other kills in this place as a percentage of other kills in the entire game.
 E = Experience gained in this place as a percentage of experience gained in the entire game.
 F = Experience gained in this place divided by the number of levels of this place that you have seen.
                   A       B       C       D       E      F
               +-------+-------+-------+-------+-------+----------------------
         Total | 100.0 | 100.0 | 100.0 | 100.0 | 100.0 |  91.2
       Dungeon | 100.0 | 100.0 | 100.0 | 100.0 | 100.0 |  91.2
               +-------+-------+-------+-------+-------+----------------------

Vanquished Creatures
  An orc wizard (D:3)
  6 adders
  6 worms
  2 giant geckos (D:2)
  An ooze (D:2)
  10 orcs
  A bat (D:2)
  3 giant cockroaches
  9 hobgoblins
  19 jackals
  10 kobolds
  2 ball pythons
  3 giant newts
  10 goblins
  6 rats
89 creatures vanquished.

Vanquished Creatures (collateral kills)
  A hobgoblin (D:2)
  A goblin (D:4)
2 creatures vanquished.

Vanquished Creatures (others)
  The ghost of MorganLeah the Shooter, an average CeHu of Okawaru (D:4)
1 creature vanquished.

Grand Total: 92 creatures vanquished

Notes
Turn   | Place    | Note
--------------------------------------------------------------
     0 | D:1      | gw, the Deep Elf Artificer, began the quest for the Orb.
     0 | D:1      | Reached XP level 1. HP: 11/11 MP: 2/2
    87 | D:1      | Reached skill level 1 in Fighting
   450 | D:1      | Reached XP level 2. HP: 13/16 MP: 5/5
  1341 | D:2      | Reached XP level 3. HP: 16/21 MP: 7/7
  1895 | D:2      | Reached XP level 4. HP: 22/27 MP: 10/10
  1930 | D:2      | Reached skill level 4 in Dodging
  2717 | D:2      | Found a snail-covered altar of Cheibriados.
  2784 | D:2      | Became a worshipper of Cheibriados the Contemplative
  3043 | D:3      | Reached XP level 5. HP: 27/32 MP: 12/12
  3356 | D:3      | Acquired Cheibriados' first power
  3621 | D:3      | Reached skill level 1 in Invocations
  3763 | D:3      | Reached skill level 5 in Dodging
  4050 | D:4      | Noticed MorganLeah's ghost (average CeHu)
  4064 | D:4      | Noticed an ogre
  4071 | D:4      | MorganLeah's ghost (ally) was killed
  4071 | D:4      | Your ally MorganLeah died
  4078 | D:4      | Slain by an ogre

Action                   |  1- 3 |  4- 6 || total
-------------------------+-------+-------++-------
Melee: Short sword       |   102 |   124 ||   226
Invok: Bend Time         |       |     3 ||     3
Evoke: Wand              |    13 |     2 ||    15
  Use: Potion            |     5 |     6 ||    11
       Scroll            |     3 |     2 ||     5
 Stab: Sleeping          |       |     1 ||     1
  Eat: Chunk             |     3 |     8 ||    11

Vault maps used:
D:1:      dpeg_arrival_houses_and_road
D:2:      serial_park_square1, cheibriados_altar_wand_db
D:4:      nicolae_overflow_crystal_walls, gammafunk_temple_overflow_wave
